 Dungeon Crawl Stone Soup version 0.25-a0-458-g6fc7858b95 (webtiles) character file.

Game seed: 10163382306742582370, levelgen mode: deterministic

25 ChaosChampion the Sneak (level 2, -3/13 HPs)
             Began as a Spriggan Enchanter on Feb 1, 2020.
             Slain by a hobgoblin
             ... wielding a +0 club
              (7 damage)
             ... on level 1 of the Dungeon.
             The game lasted 00:02:16 (716 turns).

ChaosChampion the Sneak (Spriggan Enchanter)         Turns: 716, Time: 00:02:16

Health: -3/13      AC:  2    Str:  4    XL:     2   Next: 82%
Magic:  1/6        EV: 19    Int: 16    God:
Gold:   21         SH:  0    Dex: 16    Spells: 3/6 levels left

rFire    . . .     SeeInvis +   a - +1 dagger
rCold    . . .     Gourm    .   (shield restricted)
rNeg     . . .     Faith    .   b - +0 robe
rPois    .         Spirit   .   (helmet restricted)
rElec    .         Reflect  .   (no cloak)
rCorr    .         Harm     .   (gloves unavailable)
MR       .....                  (boots unavailable)
Stlth    +++.......             (no amulet)
HPRegen  0.04/turn              (no ring)
MPRegen  0.10/turn              (no ring)

@: very quick
A: very small, unfitting armour, see invisible, herbivore, speed 3, slow
metabolism 2
a: no special abilities


You were on level 1 of the Dungeon.
You were not hungry.

You visited 1 branch of the dungeon, and saw 1 of its levels.

You collected 21 gold pieces.

Inventory:

Hand Weapons
 a - a +1 dagger (weapon)
Missiles
 h - 42 arrows
Armour
 b - a +0 robe (worn)
Jewellery
 j - a cursed amulet of inaccuracy {unknown}
Scrolls
 c - a scroll of identify {unknown}
 f - a scroll of magic mapping {unknown}
 g - 3 scrolls of teleportation {unknown}
 k - a scroll of noise {unknown}
Potions
 e - a potion of invisibility {unknown}
 i - a potion of might {unknown}
Comestibles
 d - a ration


   Skills:
 + Level 0.2 Fighting
 * Level 1.6 Short Blades
 * Level 3.5 Dodging
 * Level 4.8 Stealth
 + Level 2.8 Spellcasting
 + Level 3.9 Hexes


You had 3 spell levels left.
You knew the following spells:

 Your Spells              Type           Power        Failure   Level  Hunger
a - Corona                Hex            ##.....      3%          1    #......
b - Ensorcelled Hibernat  Hex/Ice        #.....       13%         2    ##.....

Your spell library contained the following spells:

 Spells                   Type           Power        Failure   Level  Hunger
 Confusing Touch          Hex            ##......     11%         3    ###....
 Tukima's Dance           Hex            ##......     11%         3    ###....
 Dazzling Flash           Conj/Hex       #.....       26%         3    ###....


Dungeon Overview and Level Annotations

Branches:
Dungeon (1/15)

Altars:


Innate Abilities, Weirdness & Mutations

You are very small and have problems with some larger weapons.
You are too small for most types of armour.
You have supernaturally acute eyesight. (SInv)
You are a herbivore.
You cover ground extremely quickly.
You need to consume almost no food.


Message History

Aiming: Ensorcelled Hibernation (safe; 13% risk of failure)
Press: ? - help, Shift-Dir - straight line, f - hobgoblin
Aim: a hobgoblin, wielding a +0 club (chance to defeat MR: 57%)
The hobgoblin resists with significant effort.
You hit the hobgoblin.
The hobgoblin is lightly wounded.
The hobgoblin hits you with a +0 club.
You hit the hobgoblin but do no damage.
The hobgoblin is lightly wounded.
The hobgoblin completely misses you.
You hit the hobgoblin.
The hobgoblin is severely wounded.
The hobgoblin barely misses you.
You hit the hobgoblin.
The hobgoblin is almost dead.
You barely miss the hobgoblin.
The hobgoblin is almost dead.
The hobgoblin hits you with a +0 club!
Ouch! That really hurt!
You die...

..........##......###.##.##
..#.#.#...####............#
..#.#.#.............#.##.##
....#†#..###.#.#.####.##.##
......#...................#
....#.##..##..##.#######.##
..#.(..............#......#
..#.#.#....#####.#.#.#....#
#.#.............@#.#.#.#.##
..#.#...........g#.#.#.#.#
......†.##..####.#.#.#.#.#
.........#..# #.#.#.#.#.#
.........##.# #.#.#.#.#.#
≈≈≈≈≈≈≈≈....# #.#.#.#.#.#
≈≈≈≈≈≈≈≈....# #.#.#g#.#.#
≈≈≈≈≈≈≈≈....# #.#.#.#)#.#
#+#'#≈≈≈....# #.........#


You could see a hobgoblin.

Vanquished Creatures
  An ooze (D:1)
  3 dart slugs (D:1)
  A giant cockroach (D:1)
  2 hobgoblins (D:1)
  2 bats (D:1)
  4 goblins (D:1)
  2 rats (D:1)
15 creatures vanquished.

Notes
Turn   | Place    | Note
-------+----------+-------------------------------------------
     0 | D:1      | ChaosChampion the Spriggan Enchanter began the quest for
                  | the Orb.
     0 | D:1      | Reached XP level 1. HP: 9/9 MP: 5/5
   249 | D:1      | Reached XP level 2. HP: 4/13 MP: 4/6
   253 | D:1      | Learned a level 2 spell: Ensorcelled Hibernation
   716 | D:1      | Slain by a hobgoblin

Levels and vault maps discovered:
D:1:      dpeg_arrival_castle, layout_basic

Action                   || total
-------------------------++-------
Melee: Dagger            ||    67
 Cast: Corona            ||     1
       Ensorcelled Hiber ||    11
 Stab: Sleeping          ||     6
Armor: Robe              ||     8
Dodge: Dodged            ||    66

Table legend:
 A = Non-vault XP
 B = Vault XP
 C = Vault XP percentage of total XP
 D = Non-vault monster count
 E = Vault monster count
 F = Vault count percentage of total count
                 A         B        C        D         E       F
            +---------+---------+-------+---------+---------+-------
      Total |      36 |       0 |   0.0 |      15 |       0 |   0.0
            +---------+---------+-------+---------+---------+-------
        D:1 |      36 |       0 |   0.0 |      15 |       0 |   0.0
            +---------+---------+-------+---------+---------+-------
